 Dungeon Crawl Stone Soup version 0.27.1-1-g398f81649c (webtiles) character file.

Game seed: 15033842239678602864

17 nxtlvl the Grave Robber (level 2, 0/20 HPs)
             Began as a Minotaur Necromancer on Sept 10, 2021.
             Frozen to death by an endoplasm (5 damage)
             ... on level 1 of the Dungeon.
             The game lasted 00:01:41 (148 turns).

nxtlvl the Grave Robber (Minotaur Necromancer)       Turns: 148, Time: 00:01:42

Health: 0/20       AC:  5    Str: 12    XL:     2   Next: 44%
Magic:  1/3        EV: 10    Int: 12    God:
Gold:   6          SH:  0    Dex: 10    Spells: 2/3 levels left

rFire    . . .     SeeInvis .   a - +0 dagger
rCold    . . .     Faith    .   (no shield)
rNeg     . . .     Spirit   .   c - +0 ring mail
rPois    .         Reflect  .   (helmet restricted)
rElec    .         Harm     .   (no cloak)
rCorr    .         Rampage  .   (no gloves)
Will     .....                  (no boots)
Stlth    +.........             (no amulet)
HPRegen  0.06/turn              (no ring)
MPRegen  0.08/turn              (no ring)

@: very slightly contaminated
A: horns 2, retaliatory headbutt
a: no special abilities


You were on level 1 of the Dungeon.
You visited 1 branch of the dungeon, and saw 2 of its levels.

You collected 6 gold pieces.

Inventory:

Hand Weapons
 a - a +0 dagger (weapon)
Missiles
 d - 13 poisoned darts
 f - 2 atropa-tipped darts
Armour
 c - a +0 ring mail (worn)
Scrolls
 b - a scroll of torment {unknown}
 e - 3 scrolls of amnesia {unknown}
 g - 2 scrolls of summoning {unknown}


   Skills:
 - Level 2.1 Dodging
 - Level 1.5 Stealth
 - Level 1.3 Spellcasting
 + Level 3.5 Necromancy


You had 2 spell levels left.
You knew the following spells:

 Your Spells              Type           Power      Damage    Failure   Level
z - Pain                  Necr           36%        1d5       16%         1

Your spell library contained the following spells:

 Spells                   Type           Power      Damage    Failure   Level
 Animate Skeleton         Necr           18%        N/A       16%         1
 Slow                     Hex            0%         N/A       69%         2
 Vampiric Draining        Necr           4%         2d6       43%         3
 Animate Dead             Necr           4%         N/A       83%         4
 Confusing Touch          Hex            0%         N/A       89%         3
 Agony                    Necr           9%         N/A       99%         5


Dungeon Overview and Level Annotations

Branches:
Dungeon (2/15)

Altars:


Innate Abilities, Weirdness & Mutations

You have a pair of horns on your head.
You reflexively headbutt those who attack you in melee.


Message History

You kill the dart slug!
Casting: Pain (safe; 16% risk of failure)
Confirm with . or Enter, or press ? or * to list all spells.
Okay, then.
Unknown command.
An endoplasm comes into view.
The endoplasm quivers.
Your magical contamination has completely faded away.
You see here 2 scrolls labelled ZAUPIK QIECK.
g - 2 scrolls labelled ZAUPIK QIECK
Casting: Pain (safe; 16% risk of failure)
Confirm with . or Enter, or press ? or * to list all spells.
Aiming: Pain (safe; 16% risk of failure)
Press: ? - help, Shift-Dir - straight line, f - endoplasm
Aim: an endoplasm (chance to affect: 76%)
You miscast Pain.
You are very lightly contaminated with residual magic.
Nothing appears to happen.
The endoplasm hits you but does no damage.
You hit the endoplasm.
The endoplasm is lightly wounded.
The endoplasm hits you.
You hit the endoplasm but do no damage. Your headbutt misses the endoplasm.
The endoplasm is lightly wounded.
The endoplasm hits you but does no damage.
You hit the endoplasm.
The endoplasm is severely wounded.
The endoplasm freezes you.
You are frozen.
* * * LOW HITPOINT WARNING * * *
You barely miss the endoplasm.
The endoplasm is severely wounded.
The endoplasm freezes you.
You are frozen.
* * * LOW HITPOINT WARNING * * *
You hit the endoplasm but do no damage.
The endoplasm is severely wounded.
The endoplasm freezes you.
You are frozen.
You die...

#........###
##..........
#..........#
#..........###
#.............
##.............
.#.................
...w......J@....#
......#......###
#......##...# #.
####......##...# ...
........#.#>...###..#
........#.....##.....
>...........#....#..#
$.............#.#...#
........#...........#


You could see an endoplasm.

Vanquished Creatures
  An adder (D:1)
  A dart slug (D:1)
  2 ball pythons (D:1)
  A bat (D:1)
  A kobold (D:1)
6 creatures vanquished.

Notes
Turn   | Place    | Note
-------+----------+-------------------------------------------
     0 | D:1      | nxtlvl the Minotaur Necromancer began the quest for the
                  | Orb.
     0 | D:1      | Reached XP level 1. HP: 14/14 MP: 1/1
    15 | D:1      | Reached skill level 3 in Necromancy
    91 | D:1      | Reached XP level 2. HP: 9/20 MP: 0/3
   148 | D:1      | Frozen to death by an endoplasm

Illustrated notes

Levels and vault maps discovered:
D:1:      lightli_arrival_flooded_house, layout_rooms
D:2:      layout_loops_ring, chequers_arboretum, minmay_misc_feat_tiny

Skill      XL: |  1 |
---------------+----+-----
Necromancy     | 3 |  3.5
Dodging        | |  2.1
Stealth        | |  1.5
Spellcasting   | |  1.3

Action                   || total
-------------------------++-------
Melee: Dagger            ||    16
       Headbutt          ||     1
 Cast: Pain              ||     4
Armor: Robe              ||     4
       Ring mail         ||     6
Dodge: Dodged            ||     9
